← All builds
Geo sea / Armada / Economy first / OBSERVED BUILD

Standard geo sea

Armada Geo sea build order · Supreme Isthmus

The role's baseline: bot lab then shipyard in the cove, early destroyer and submarine to contest the sea, with geothermal powering the economy as the game transitions into a naval/amphibious mix.

Usually shipyard in the cove (89%)

#naval #eco · 1353 distinct matches · 173 players · 78% of Armada Geo sea games · team won 55% of 1508 · Recently observed

HOW TO PLAY IT

Key timing: Shipyard by 3:12

  1. Open 3 mex and wind, then drop Bot Lab by 1:12.
  2. Build Shipyard in the cove to start the naval contest.
  3. Pump submarine then destroyer to contest enemy sea entry.
  4. Add geothermal powerplant to fund the economy transition.
  5. Upgrade to Advanced Metal Extractor as eco scaling finishes.

Phase by phase

TYPICAL OF ITS 1353 GAMES
  1. 1
  2. 2
  3. 3
  4. 4
PLAY THE OPENING

Follow the example game's first 6:00 step by step: what to build now, what comes next, and where it goes. At 1× it keeps pace with your own game.

  1. 1

    Up to the Bot Lab

    Economy
    • Metal Extractor3Mex
    • Wind Turbine3Wind
    Order
    1. Bot LabBot Lab after 3 mex, 3 winddone ~1:12, middle half 1:06–1:18

    Some games also: wind for allies (46%)

    By 0:55 in all: 3 mex · 3 wind

    The example game in this phase · 3 steps
    1. Mex ×3
    2. Wind ×4
    3. Bot LabBot Labdone 1:11 · typical 1:12
  2. 2

    Bot Lab to Shipyard

    Economy
    • Metal Extractor1Mex
    • Wind Turbine1Wind
    Order
    1. ShipyardShipyard after 4 mex, 4 winddone ~3:11, middle half 2:48–3:37
    Builders
    • Construction Bot3 Con bot
    • Lazarus2 Lazarus

    Some games also: pawn (42%) · con turret (39%) · crossbow (39%)

    By 2:47 in all: 4 mex · 4 wind

    The example game in this phase · 7 steps
    1. Construction BotCon bot
    2. SentrySentry
    3. LazarusLazarus ×2
    4. Mex
    5. Construction BotCon bot
    6. SentrySentry
    7. ShipyardShipyarddone 2:35 · typical 3:11
  3. 3

    Shipyard to 5:00

    Economy
    • Metal Extractor4Mex
    • Wind Turbine2Wind
    Order
    1. Bot LabEat Bot Lab
    Builders
    • Construction Ship1 Con ship
    Army
    • Dolphin3 Dolphin
    • Skater1 Skater
    Other
    • Radar Tower1 Radar Tower

    Some games also: destroyer (48%) · Sentry (44%) · submarine (44%) · converter (33%) · con turret (32%)

    By 5:00 in all: 8 mex · 7 wind · 1 energy storage · 1 con turret

    The example game in this phase · 25 steps
    1. Construction BotCon bot
    2. Construction ShipCon ship ×2
    3. Mex
    4. Tidal
    5. PawnPawn
    6. SkaterSkater
    7. PawnPawn
    8. DolphinDolphin
    9. Mex
    10. Energy storage
    11. Mex
    12. Naval Radar / Sonar TowerNaval Radar / Sonar Tower
    13. DolphinDolphin
    14. SentrySentry
    15. DolphinDolphin ×2
    16. Bot LabEat Bot Labreclaimed for its metal
    17. Mex
    18. Wind
    19. DolphinDolphin
    20. Wind
    21. Mex
    22. CorsairDestroyerdone 5:10 · typical 5:39
    23. Naval Radar / Sonar TowerNaval Radar / Sonar Tower
    24. Wind
    25. SentrySentry
  4. 4

    5:00 to 10:00

    Economy
    • Metal Extractor2Mex
    • Wind Turbine12Wind
    • Energy Converter3Converter
    Builders
    • Construction Turret1 Con turret
    • Grim Reaper1 Grim Reaper
    • Construction Ship1 Con ship
    Army
    • Sentry1 Sentry
    • Dolphin4 Dolphin
    • Skater2 Skater
    • Corsair2 Destroyer

    Some games also: Harpoon (42%) · frigate (42%) · geo (41%) · Naval Construction Turret (35%) · submarine (31%)

    By 10:00 in all: 11 mex · 20 wind · 1 geo · 4 converter · 1 energy storage · 2 con turret

    The example game in this phase · 148 steps
    1. Mex
    2. Radar TowerRadar Tower
    3. NettleNettle
    4. Wind
    5. Grim ReaperGrim Reaper
    6. Naval Radar / Sonar TowerNaval Radar / Sonar Tower
    7. Mex
    8. Wind
    9. Construction ShipCon ship
    10. NettleNettle
    11. Wind
    12. SkaterSkater
    13. DolphinDolphin
    14. HarpoonHarpoon
    15. Naval Construction Turret
    16. Wind
    17. DolphinDolphin ×2
    18. Wind
    19. DolphinDolphin
    20. HarpoonHarpoon
    21. DolphinDolphin
    22. Naval Construction Turret
    23. Wind
    24. CorsairDestroyer
    25. Con turret
    26. Wind
    27. HarpoonHarpoon
    28. Tidal
    29. Mex ×2
    30. Tidal
    31. Converter
    32. Radar TowerRadar Tower
    33. Grim ReaperGrim Reaper
    34. Tidal
    35. SkaterSkater
    36. Tidal
    37. Advanced Metal ExtractorT2 mexdone 9:11 · typical 9:20
    38. DolphinDolphin
    39. Converter
    40. Wind
    41. DolphinDolphin
    42. Tidal
    43. Wind
    44. DolphinDolphin
    45. Wind
    46. Tidal
    47. DolphinDolphin
    48. Wind
    49. Converter
    50. Tidal
    51. Naval Construction Turret
    52. DolphinDolphin
    53. Naval Radar / Sonar TowerNaval Radar / Sonar Tower
    54. Wind ×2
    55. Tidal
    56. Advanced Metal ExtractorT2 mex
    57. Wind
    58. Naval Construction Turret
    59. Wind
    60. Naval Construction Turret
    61. Converter
    62. Wind
    63. Naval Construction Turret
    64. Wind
    65. Naval Construction Turret ×2
    66. Wind
    67. Advanced Metal ExtractorT2 mex
    68. CorsairDestroyer
    69. Wind
    70. Tidal
    71. Converter
    72. Wind
    73. ShipyardShipyarddone 10:58
    74. Tidal
    75. Grim ReaperGrim Reaper
    76. Wind
    77. DolphinDolphin ×2
    78. Wind
    79. DolphinDolphin ×4
    80. Converter
    81. Tidal
    82. SkaterSkater ×2
    83. DolphinDolphin ×2
    84. Advanced Metal ExtractorT2 mex
    85. DolphinDolphin
    86. EllysawFrigate
    87. DolphinDolphin
    88. Tidal
    89. EelSubmarine ×2done 11:59 · typical 4:27
    90. Con turret
    91. Grim ReaperGrim Reaper
    92. EelSubmarine
    93. Tidal
    94. EelSubmarine ×2
    95. Advanced Metal ExtractorT2 mex
    96. Grim ReaperGrim Reaper
    97. Tidal
    98. EllysawFrigate
    99. DolphinDolphin
    100. Wind
    101. EllysawFrigate
    102. SkaterSkater
    103. Wind
    104. Tidal
    105. EllysawFrigate
    106. Wind
    107. DolphinDolphin
    108. Advanced Metal ExtractorT2 mex
    109. Wind
    110. EllysawFrigate
    111. DolphinDolphin
    112. Converter
    113. EllysawFrigate
    114. Tidal
    115. DolphinDolphin
    116. Wind
    117. EllysawFrigate
    118. Wind
    119. SkaterSkater
    120. Wind
    121. EllysawFrigate
    122. DolphinDolphin
    123. Tidal
    124. Wind
    125. Converter
    126. EllysawFrigate
    127. DolphinDolphin
    128. Wind
    129. EllysawFrigate
    130. EelSubmarine
    131. DolphinDolphin
    132. Aircraft PlantAircraft Plantdone 14:42
    133. Tidal
    134. EllysawFrigate
    135. SkaterSkater
    136. Wind
    137. EllysawFrigate
    138. Advanced ShipyardAdvanced Shipyardnot finished by 15:00
    139. DolphinDolphin
    140. Wind
    141. EllysawFrigate
    142. Advanced Geothermal PowerplantAdvanced Geothermal Powerplantnot finished by 15:00
    143. Wind
    144. DolphinDolphin
    145. Tidal
    146. Converter
    147. EllysawFrigate
    148. DolphinDolphin

Counts are medians over the build's games: half of them build more, half fewer. The example game is _X_'s (41 OS, 14/10/2026); pick another.

Team trades

IN AT LEAST 30% OF ITS GAMES

You hand over

  • Wind Turbine2 Wind to Airfirst at 1:41 · in 64% of games

You get

  • Finch1 Finch from Airfirst at 1:53 · in 74% of games
  • Hercules1 Light transport from Airfirst at 2:04 · in 65% of games
  • Advanced Construction Bot1 T2 con bot from Techfirst at 7:43 · in 90% of games

How it plays out

Typical game of this build, running totals by minute

Metal produced

010k20k30k
0:005:0010:0015:00

metal

Enemy metal destroyed

05k10k
0:005:0010:0015:00

metal

Own metal lost

02.5k5k7.5k
0:005:0010:0015:00

metal

1508 games.

Show as table
ByMetal produced: This buildEnemy metal destroyed: This buildOwn metal lost: This build
1:0039500
2:0092800
3:00159900
4:002877040
5:00412619054
6:005518531295
7:007056993625
8:00872116891025
9:001057824601595
10:001280333622244
11:001538344153110
12:001846854653798
13:002177264294605
14:002537275585383
15:002893884516202
WHAT THE NUMBERS SAY

Standard Geo sea play wins slightly less than half the time but builds a strong metal base by 15:00 with moderate losses.

  • + Metal produced reaches 29210 by 15:00, well above Beach sea's early pace.
  • + Corsair (destroyer) makes up 34% of army, a clear naval focus.
  • − Own metal lost climbs to 6339 by 15:00 from sea skirmishes.
  • − Geothermal only completes in 58% of games, an inconsistent power spike.
THE EXAMPLE YOU ARE READING

_X_

40.6 OS · 14/10/2026

Open source match ↗

3 received units · includes a constructor
554 metal received · 27914 energy received

Allied construction assistance is unknown. Timings are observations, not a promise of solo reproducibility.

Typical milestones

Bot Lab1:12Middle 50%: 1:06–1:18 · n=1466
Shipyard3:11Middle 50%: 2:48–3:37 · n=1488
Eel4:27Middle 50%: 3:45–5:37 · n=918
Corsair5:39Middle 50%: 4:56–6:38 · n=1388
Geothermal Powerplant7:52Middle 50%: 6:48–9:30 · n=950
Advanced Metal Extractor9:20Middle 50%: 8:38–10:10 · n=1319

Played most by

_X_134games of this buildJesterB66games of this buildOptimusprimenutt61games of this buildhaaven55games of this buildpyrothraxus51games of this build